[Event "Late-Titled-Tuesday-Blitz-July-09-2024"]
[Site "Chess.com"]
[Date "2024.07.09"]
[Round "5"]
[White "Happy1712Drummer"]
[Black "Alexander_Khlebovich"]
[Result "1/2-1/2"]
[WhiteElo "2434"]
[BlackElo "2780"]
[TimeControl "180+1"]
[EndTime "14:55:33 PDT"]
[Termination "Game drawn by stalemate"]

1. Nf3 c5 2. e4 d6 3. d4 cxd4 4.
Nxd4 Nf6 5. Nc3 a6 6. a4 e5 7. Nb3 Be6 8. Bg5 Nbd7 9. a5 Be7 10. Be2 O-O 11. O-O Nxe4 12. Nxe4 Bxg5 13. Nxg5 Qxg5 14. Qxd6 Rac8 15. Bd3 Rfd8 16. Qb4 Bd5 17. f3 Bxb3 18. f4 exf4 19. cxb3 Qc5+ 20. Qxc5 Nxc5 21. Bc4 Rd4 22. Rae1 Kf8 23. g3 g5 24. Re5 Ne4 25. gxf4 Nd2 26. Rf2 Nxc4 27. bxc4 gxf4 28. b3 Re8 29. Rf5 Ree4 30.
Kg2 Ke7 31. Rc5 Kd6 32. Rc8 Ke6 33. Rc7 Rd7 34. Rc5 f5 35. b4 h5 36. b5 axb5 37.
cxb5 Kf6 38. Ra2 Re6 39. a6 bxa6 40. bxa6 Ra7 41. Raa5 Rexa6 42. Rxf5+ Ke6 43. Rae5+ Kd6 44. Rd5+ Ke7 45. Rde5+ Re6 46. Rxe6+ Kxe6 47. Rxf4 Ke5 48. Rf8 Ra4 49. Kg3 Rg4+ 50. Kh3 Ke6 51. Rh8 Rg5 52. Kh4 Ra5 53. Rxh5 Rxh5+ 54. Kxh5 Kf7 55. Kh6 Kg8 56. Kg6 Kh8 57. h4 Kg8 58. h5 Kh8 59. h6 Kg8 60. h7+ Kh8 61. Kh6 1/2-1/2

[Event "Late-Titled-Tuesday-Blitz-July-09-2024"]
[Site "Chess.com"]
[Date "2024.07.09"]
[Round "5"]
[White "ReinisUz"]
[Black "GMRafpig"]
[Result "1/2-1/2"]
[WhiteElo "2555"]
[BlackElo "2769"]
[TimeControl "180+1"]
[EndTime "14:55:34 PDT"]
[Termination "Game drawn - insufficient material"]

1. c4 Nf6 2. Nc3 e5 3. g3 Bb4 4. Bg2 O-O 5. e4 Bxc3 6. bxc3 c6 7. Ne2 d5 8. exd5 cxd5 9. cxd5 Nxd5 10. O-O Nc6 11. Qb3 Nb6 12. d4 exd4 13. Nxd4 Nxd4 14. cxd4 Be6 15. Qe3 Bd5 16. Ba3 Re8 17. Qf4 Bxg2 18. Kxg2 Nc4 19. Bb4 a5 20. Bc3 b5 21. a3 Rc8 22. Rfe1 Rxe1 23. Rxe1 Nxa3 24. Bb2 Nc4 25.
Ba1 b4 26. d5 Qxd5+ 27. Kg1 f6 28. Qg4 Rf8 29. Re7 g6 30. Qh4 Qd1+ 31. Kg2 Qd5+ 32.
Kg1 Rf7 33. Rxf7 Qxf7 34. Bxf6 b3 35. Bd4 Nd6 36. Qd8+ Ne8 37. Bb2 a4 38. Qd4 Ng7 39.
Qxa4 h5 40. Qd4 Kh7 41. h4 Qb7 42. Kh2 Qf7 43. Qe5 Qb7 44. Qd4 Qf7 45. Kg1 Qb7 46.
Kf1 Qf7 47. Ke2 Qe6+ 48. Kd2 Qf7 49. Qxg7+ Qxg7 50. Bxg7 Kxg7 51. Kc3 Kf6 52. Kxb3 g5 53. hxg5+ Kxg5 54. f3 h4 55. gxh4+ Kxh4 56. Kc4 Kg3 57. Kd4 Kxf3 1/2-1/2

[Event "Late-Titled-Tuesday-Blitz-July-09-2024"]
[Site "Chess.com"]
[Date "2024.07.09"]
[Round "5"]
[White "prxcess_brownie"]
[Black "Beaterawn"]
[Result "1/2-1/2"]
[WhiteElo "2237"]
[BlackElo "2427"]
[TimeControl "180+1"]
[EndTime "14:55:36 PDT"]
[Termination "Game drawn by repetition"]

1. c4 e5 2. Nc3 Nf6 3. Nf3 Nc6 4.
g3 Bc5 5. Bg2 O-O 6. O-O d6 7.
d3 h6 8. h3 a6 9. e4 Be6 10.
Kh2 Re8 11. a3 Qd7 12. b4 Ba7 13. Bb2 Rad8 14. Nd5 Bxd5 15. cxd5 Ne7 16. Nh4 g5 17. f4 gxh4 18. fxe5 Nh7 19. e6 fxe6 20. Qg4+ Ng5 21. gxh4 e5 22. hxg5 Qxg4 23. hxg4 hxg5 24. Bc1 Ng6 25.
Bxg5 Rd7 26. Kg3 Rf8 27. Rf5 Ne7 28. Rxf8+ Kxf8 29. Rf1+ Kg8 30. Bh3 Ng6 31. Bh6 Rf7 32. Rxf7 Kxf7 33. Bd2 Bd4 34. g5 Ne7 35. Kh4 Ng6+ 36.
Kg3 Ne7 37. Be6+ Kg6 38. a4 b6 39. a5 b5 40. Kg4 Bf2 41. Bf5+ Kg7 42. Kh5 Bd4 43. Bd7 Bf2 44. Be6 Bd4 45. g6 Nxg6 46. Bh6+ Kf6 47. Bc8 Bc3 48. Bxa6 Bxb4 49. Bxb5 Bxa5 50.
Bg5+ Kf7 51. Be8+ Kxe8 52. Kxg6 Kd7 53. Kf7 c6 54. dxc6+ Kxc6 55. Ke6 Bb4 56. Be7 Bc5 57. Bf8 Bb4 58. Be7 Bc5 59. Bf8 Bb4 60. Be7 1/2-1/2

[Event "Late-Titled-Tuesday-Blitz-July-09-2024"]
[Site "Chess.com"]
[Date "2024.07.09"]
[Round "5"]
[White "mishanick"]
[Black "ChessSwole"]
[Result "0-1"]
[WhiteElo "3085"]
[BlackElo "2710"]
[TimeControl "180+1"]
[EndTime "14:55:37 PDT"]
[Termination "ChessSwole won on time"]

1. d4 d5 2. c4 c6 3. Nf3 Nf6 4. Nc3 e6 5. g3 dxc4 6. Bg2 b5 7. O-O Nbd7 8. e4 Be7 9. a4 b4 10. e5 bxc3 11. exf6 Nxf6 12. bxc3 Nd5 13. Ne5 Bb7 14. Qg4 O-O 15. Bd2 c5 16. dxc5 Nf6 17. Qd4 Bxg2 18. Kxg2 Bxc5 19. Qxd8 Rfxd8 20. Bg5 h6 21. Bxf6 gxf6 22.
Nxc4 Rd3 23. Rac1 Rc8 24. Rfd1 Rxd1 25. Rxd1 Bf8 26. Rd4 f5 27. a5 Bg7 28. Nd6 Bxd4 29. Nxc8 Bxc3 30. a6 Bd4 31. Ne7+ Kf8 32. Nc6 Bc5 33. f4 Ke8 34. Kf3 f6 35. g4 Kd7 36. Na5 Kc7 37. h4 Kb6 38. Nb3 Bd6 39.
Nd4 fxg4+ 40. Kxg4 e5 41. Nf5 Bf8 42. Ne3 exf4 43.
Nd5+ Kxa6 44. Nxf6 Bd6 45. Ne4 Be7 46. h5 Kb5 47. Kxf4 a5 48. Ke3 Kc4 49. Kd2 a4 50.
Kc2 a3 51. Nd2+ Kd4 52. Kb3 Ke3 53. Nc4+ Kf4 0-1

[Event "Late-Titled-Tuesday-Blitz-July-09-2024"]
[Site "Chess.com"]
[Date "2024.07.09"]
[Round "5"]
[White "PNEPaul"]
[Black "norwaytoadog"]
[Result "0-1"]
[WhiteElo "1887"]
[BlackElo "2328"]
[TimeControl "180+1"]
[EndTime "14:55:37 PDT"]
[Termination "norwaytoadog won on time"]

1. e4 e5 2. Nf3 Nc6 3. Bc4 Nf6 4. d4 exd4 5. O-O Nxe4 6. Re1 d5 7. Bxd5 Qxd5 8. Nc3 Qd7 9. Nxe4 Be7 10. Bg5 O-O 11. Bxe7 Qxe7 12. Nxd4 Bd7 13. Ng3 Qc5 14. Nb3 Qd6 15.
Qxd6 cxd6 16. Rad1 Be6 17. Rxd6 Nb4 18. c3 Nd5 19. Nc5 Nf4 20. Nxe6 Nxe6 21. Rd7 Rab8 22. f3 Nc5 23. Rd2 Rfe8 24. Rxe8+ Rxe8 25. Kf2 g6 26. Ne2 f5 27. Nd4 Rd8 28. g3 Kf7 29. h4 Ne6 30. Ke2 Re8 31. Nxe6 Rxe6+ 32. Kf2 Rb6 33. b3 h6 34. c4 Ra6 35. Ke2 Ke6 36. Kf2 Rb6 37. Ke2 a5 38. Kf2 a4 39. Re2+ Kf6 40. Re3 a3 41. Rd3 Re6 42. Rd2 Rb6 43. Re2 Rd6 44. Ke3 Rd1 45. Rd2 Re1+ 46. Kd3 Rf1 47.
Ke3 Rb1 48. Kd3 Rg1 49. Kc3 Rxg3 50. Kb4 Rxf3 51. Kxa3 g5 52. hxg5+ hxg5 53. Ka4 g4 54. b4 g3 55. c5 Rf2 56. Rd3 f4 57. b5 g2 58. Rd1 Rf1 0-1

[Event "Late-Titled-Tuesday-Blitz-July-09-2024"]
[Site "Chess.com"]
[Date "2024.07.09"]
[Round "5"]
[White "urano56"]
[Black "mbachez"]
[Result "0-1"]
[WhiteElo "2418"]
[BlackElo "2617"]
[TimeControl "180+1"]
[EndTime "14:55:38 PDT"]
[Termination "mbachez won by resignation"]

1. d4 Nf6 2. Nf3 g6 3. c4 Bg7 4. Nc3 O-O 5. g3 d6 6. Bg2 c6 7.
O-O Bf5 8. Re1 Ne4 9. Nh4 Nxc3 10. bxc3 Be6 11. Qa4 Nd7 12. d5 Nc5 13. Qc2 Bd7 14. e4 Rc8 15. Be3 cxd5 16. exd5 Na4 17. Bd4 Rxc4 18. Bxg7 Kxg7 19. Re3 b5 20. Qd2 Re8 21. Rae1 e5 22. dxe6 Bxe6 23. Bf1 Rg4 24. Ng2 a6 25. Nf4 Nc5 26. h3 Rg5 27. Rd1 Na4 28. c4 Bxc4 29. Rxe8 Qxe8 30. Bxc4 bxc4 31. Qd4+ Qe5 32. Qxc4 Nc5 33. h4 Rg4 34. Rd5 Qe1+ 35. Kg2 Rxf4 36. Qxf4 Ne6 37. Qxd6 Qe4+ 38. Kg1 a5 39. Qe5+ Qxe5 40.
Rxe5 Nd4 41. Rxa5 Ne2+ 42. Kf1 Nc3 43. Ra8 Nd5 44. a4 Nb6 45. a5 Nxa8 46. a6 Nc7 47. a7 Kf8 48. Ke2 Ke7 49. Ke3 Kd6 50. Kf4 f6 51. h5 Na8 52. g4 Ke6 53. hxg6 hxg6 54.
Ke4 g5 55. f4 Nc7 56. fxg5 fxg5 57. Kd4 Nb5+ 58. Ke4 Nxa7 59. Kd4 Nc6+ 60. Ke4 Ne5 61. Ke3 Nxg4+ 62. Kf3 Nf6 63. Kg3 Kf5 64. Kf3 g4+ 65. Kg3 Ne4+ 0-1

[Event "Late-Titled-Tuesday-Blitz-July-09-2024"]
[Site "Chess.com"]
[Date "2024.07.09"]
[Round "5"]
[White "jk13"]
[Black "honestgames"]
[Result "1-0"]
[WhiteElo "2674"]
[BlackElo "2821"]
[TimeControl "180+1"]
[EndTime "14:55:39 PDT"]
[Termination "jk13 won by resignation"]

1. e4 c5 2. c3 Nf6 3. e5 Nd5 4. Bc4 Nb6 5. Bb3 c4 6. Bc2 d6 7. exd6 Qxd6 8. Nf3 Qe6+ 9. Kf1 g6 10. h4 Qd5 11.
Qe2 Bf5 12. Bxf5 gxf5 13. a4 Nc6 14. Na3 a6 15. Nc2 e6 16. Ne3 Qd3 17. a5 Nd5 18.
Nxc4 Nf4 19. Qxd3 Nxd3 20. Ne1 Nc5 21. b4 Ne4 22. Bb2 O-O-O 23. d3 Nf6 24. Rd1 Nd5 25. Nf3 Bg7 26. d4 h6 27. g3 Kc7 28. Ke2 Rhe8 29. Rhe1 f6 30. Ne3 f4 31. Nxd5+ exd5+ 32. Kd3 fxg3 33.
fxg3 h5 34. Bc1 Kd7 35. Bf4 Ne7 36. Ng1 Nf5 37. Nf3 Bf8 38. Re2 Rxe2 39. Kxe2 Re8+ 40. Kf2 Bd6 41. Bxd6 Kxd6 42. Re1 Rc8 43. Rc1 Rg8 44.
Rg1 Kc6 45. Nd2 Re8 46. Nf1 Kb5 47. g4 hxg4 48. Rxg4 Kc4 49. Rf4 Nd6 50. Ne3+ Kxc3 51. Nxd5+ Kc4 52. Nxf6 Rh8 53. Kf3 Nb5 54. d5+ Kd3 55. h5 Nd4+ 56. Kg4 Nc2 57. Kf5 Ne3+ 58. Kg6 Rd8 59. h6 Nc4 60. h7 Ne5+ 61. Kg7 Ke3 62.
Re4+ Kd3 63. Rxe5 1-0

[Event "Late-Titled-Tuesday-Blitz-July-09-2024"]
[Site "Chess.com"]
[Date "2024.07.09"]
[Round "5"]
[White "LUISMIGUELOV"]
[Black "tsvet2005"]
[Result "0-1"]
[WhiteElo "2201"]
[BlackElo "2666"]
[TimeControl "180+1"]
[EndTime "14:55:42 PDT"]
[Termination "tsvet2005 won on time"]

1. d4 Nf6 2. c3 e6 3. Bg5 h6 4.
Bh4 d5 5. Nd2 c5 6. e3 Nc6 7.
Bd3 b6 8. Qa4 Bd7 9. Qc2 Rc8 10.
Ngf3 cxd4 11. exd4 Nb4 12. Qb1 Nxd3+ 13. Qxd3 Be7 14. Ne5 O-O 15. O-O Be8 16. f4 Nd7 17. Bxe7 Qxe7 18. Ndf3 b5 19. a3 a5 20. Nxd7 Bxd7 21.
Ne5 Rb8 22. f5 exf5 23. Nxd7 Qxd7 24. Qxf5 Qc6 25. Rae1 b4 26. axb4 axb4 27. Re3 bxc3 28.
bxc3 Rb3 29. Qf3 Qc4 30. h3 Rb2 31. Rf2 Rxf2 32. Qxf2 Qb3 33. Qf3 Qb1+ 34. Kh2 Qb3 35. Kg3 g6 36. Qf4 Kg7 37. Qe5+ Kg8 38. Qf4 h5 39.
Qf3 Qc4 40. Re5 Rc8 41. Rxd5 Qxc3 42. Qxc3 Rxc3+ 43. Kf4 h4 44. Kg5 Rg3+ 45. Kxh4 Rxg2 46. Rd7 Kg7 47. Rd8 Kf6 48. d5 g5+ 49. Kh5 Rg3 50.
h4 Rh3 51. Rd6+ Kf5 52. Kh6 Rxh4+ 53. Kg7 g4 54. Rf6+ Kg5 55. Rxf7 g3 56. Rf1 Rd4 0-1

[Event "Late-Titled-Tuesday-Blitz-July-09-2024"]
[Site "Chess.com"]
[Date "2024.07.09"]
[Round "5"]
[White "ImportedItalianMaple"]
[Black "yujiarun18"]
[Result "0-1"]
[WhiteElo "2488"]
[BlackElo "2261"]
[TimeControl "180+1"]
[EndTime "14:55:44 PDT"]
[Termination "yujiarun18 won on time"]

1. d4 d5 2. Nf3 Nf6 3. g3 e6 4.
Bg2 c6 5. O-O Be7 6. b3 O-O 7.
Bb2 b6 8. Nbd2 Bb7 9. c4 c5 10. e3 Na6 11. Qe2 Rc8 12. Rac1 dxc4 13. Nxc4 Nb4 14.
a3 Nc6 15. dxc5 Bxc5 16. b4 Be7 17. Rfd1 Qc7 18. b5 Nd8 19. Nd6 Qb8 20. Nxc8 Bxc8 21. Be5 Qa8 22. Nd4 Bb7 23. Nc6 Bxa3 24. Ra1 Bc5 25.
Rxa7 Qc8 26. Bd6 Nxc6 27. bxc6 Bxc6 28. Bxf8 Bxf8 29. Bxc6 Qxc6 30. f3 g6 31. Kg2 Kg7 32. Ra2 Bc5 33. Rc2 Qb7 34. e4 Nd7 35. Rb1 Qa7 36. Qb5 Ne5 37. f4 Ng4 38. Qb2+ Kh6 39. Re2 Qa6 40. Rbe1 Qd3 41. h3 Nf6 42. Qd2 Qb3 43. f5+ Kg7 44. e5 Nd5 45. fxe6 fxe6 46. Qg5 Bb4 47. Qd8 Bxe1 48. Qd7+ Kh6 49. Qxe6 Ne3+ 50.
Kf3 Qxe6 51. Kxe3 Bc3 52. Kf3 Bxe5 53. Re4 Qd6 54. Rg4 Qd3+ 55. Kf2 b5 56. Re4 b4 57.
Re3 Qd2+ 58. Re2 Qd4+ 59. Kf3 b3 60. Re4 Qb2 61. Rh4+ Kg7 62. Re4 Qc3+ 0-1

[Event "Late-Titled-Tuesday-Blitz-July-09-2024"]
[Site "Chess.com"]
[Date "2024.07.09"]
[Round "5"]
[White "Slovak_fighter2000"]
[Black "Good_Knight_Kiss"]
[Result "1-0"]
[WhiteElo "2558"]
[BlackElo "2391"]
[TimeControl "180+1"]
[EndTime "14:55:47 PDT"]
[Termination "Slovak_fighter2000 won on time"]

1. d4 Nf6 2. Nf3 g6 3. c4 Bg7 4. Nc3 d6 5. Bg5 h6 6. Bh4 O-O 7. e3 Nc6 8. Be2 e5 9. O-O exd4 10. Nxd4 Nxd4 11. Qxd4 g5 12. Bg3 Bf5 13. Qd2 Ne4 14. Nxe4 Bxe4 15. Rad1 f5 16. f3 Bc6 17. b3 a5 18. Rfe1 Qf6 19. Bd3 b6 20. e4 f4 21. Bf2 Qc3 22. Qxc3 Bxc3 23. Re2 a4 24. Bc2 axb3 25. Bxb3 Kg7 26. h3 Be5 27. Kh2 Kf6 28. Red2 h5 29. Kg1 Rh8 30. Kf1 Rh7 31. Ke2 Rg7 32.
Rh1 Ke7 33. Rdd1 Ra5 34. Be1 Ra8 35. Bb4 Kf6 36. Rc1 Rh8 37. Rc2 Rgh7 38. Be1 g4 39. Bh4+ Kg6 40. Kf1 Bf6 41. Be1 gxf3 42. gxf3 Be5 43.
Rg2+ Kh6 44. Rhg1 Rg7 45. Bh4 Rhg8 46. Rxg7 Rxg7 47. Rh1 Kg6 48. Rh2 Kh6 49. Re2 Rg8 50. Rh2 Ra8 51. Rg2 Kh7 52. Rg5 Kh6 53. Rf5 Re8 54.
Rf7 Rg8 55. Rxc7 Rg7 56. Rxc6 b5 57. cxb5 Rb7 58. a4 Ra7 59. Be7 Rxe7 60. b6 Rb7 61.
a5 1-0

[Event "Late-Titled-Tuesday-Blitz-July-09-2024"]
[Site "Chess.com"]
[Date "2024.07.09"]
[Round "5"]
[White "Bauman_Guy"]
[Black "tusplingher"]
[Result "1/2-1/2"]
[WhiteElo "2919"]
[BlackElo "2680"]
[TimeControl "180+1"]
[EndTime "14:55:51 PDT"]
[Termination "Game drawn by repetition"]

1. e4 c5 2. Nf3 e6 3. d4 cxd4 4.
Nxd4 Nc6 5. Nc3 Nf6 6. Ndb5 Bb4 7. a3 Bxc3+ 8. Nxc3 d5 9. Bd3 O-O 10. O-O dxe4 11. Nxe4 Nxe4 12. Bxe4 Qc7 13. Re1 Bd7 14. b3 e5 15. Bb2 Rad8 16. Qh5 g6 17. Qh6 Nd4 18.
Bxd4 exd4 19. Rad1 Bc6 20. Bd3 Rfe8 21. Qh4 Qd6 22. b4 Qd5 23. f3 Qd6 24. Qf2 Rxe1+ 25.
Rxe1 Re8 26. Rd1 Ba4 27. Be4 Rd8 28. Bxb7 Qc7 29. Be4 Qc3 30. h4 Qxa3 31. Qd2 Qb2 32. h5 Rc8 33. Qxd4 Qxd4+ 34. Rxd4 Bxc2 35. Bxc2 Rxc2 36. h6 Rc8 37. Rd7 Ra8 38. Kf2 Kf8 39. Kg3 Rb8 40.
Rxa7 Rxb4 41. Ra8+ Ke7 42. Rh8 Kf6 43. Rxh7 Rb8 44.
Kg4 Rd8 45. f4 Rc8 46. Kh4 Rc4 47. g3 g5+ 48. Kg4 gxf4 49. gxf4 Rc1 50. Rh8 Rg1+ 51. Kf3 Rh1 52. Ke4 Kg6 53. Ke5 Rxh6 54. Rg8+ Kh7 55. Rg2 Rg6 56. Rd2 Kg7 57. f5 Rg5 58. Rd8 Rg1 59.
f6+ Kh7 60. Rf8 Re1+ 61. Kf5 Rf1+ 62. Ke5 Re1+ 63. Kf5 Rf1+ 64. Ke5 Re1+ 1/2-1/2

[Event "Late-Titled-Tuesday-Blitz-July-09-2024"]
[Site "Chess.com"]
[Date "2024.07.09"]
[Round "5"]
[White "Vladimir_Zakhartsov"]
[Black "SpeedofLight0"]
[Result "0-1"]
[WhiteElo "2900"]
[BlackElo "3132"]
[TimeControl "180+1"]
[EndTime "14:55:52 PDT"]
[Termination "SpeedofLight0 won by resignation"]

1. d4 Nf6 2. c4 g6 3. Nc3 Bg7 4. e4 d6 5. h3 Nbd7 6. Be3 e5 7. Nf3 exd4 8. Bxd4 O-O 9. Bd3 Re8 10. O-O Nc5 11.
Re1 Bd7 12. Bc2 Ne6 13. Be3 Bc6 14. Nd5 Nd7 15. Rb1 a5 16. b3 Ne5 17. Nd4 Bxd5 18. cxd5 Nc5 19. Qd2 Ned7 20. f3 Qh4 21. Nb5 Rac8 22.
Qxa5 Ne5 23. Qd2 Qe7 24. Rbd1 Qd7 25. a4 Qe7 26. Bg5 Bf6 27. Bxf6 Qxf6 28. f4 Ned7 29. b4 Na6 30. Kh1 h5 31. Bd3 Kg7 32. Rc1 Red8 33. Rf1 Qe7 34. Rfe1 Kh7 35. Na7 Ra8 36. Bxa6 Rxa7 37.
Bb5 Nf6 38. Qd4 Raa8 39. a5 h4 40. f5 Nh5 41. e5 Ng3+ 42. Kh2 Nxf5 43. Qf4 dxe5 44.
Rxe5 Qd6 45. Re4 g5 46. Qe5 Rac8 47. Bd3 Kg8 48. Qxd6 Nxd6 49. Re7 Ne8 50. Bf5 Rb8 51.
Rd7 Nf6 52. Rxd8+ Rxd8 53. Rxc7 Nxd5 54. Rxb7 Ne3 55. Be4 Rd1 56. Bf3 Ra1 57. Rb8+ Kg7 58. Rd8 f5 59. Rd2 Nf1+ 60. Kg1 Nxd2+ 61. Kf2 Nxf3 62.
gxf3 Ra4 63. Ke3 Rxb4 64. Kd3 Ra4 65. Kc3 Rxa5 66. Kb4 Re5 67. Kc4 Re3 68. Kd4 f4 69. Kd5 Kf6 70. Kd6 Kf5 71. Kd7 Rxf3 72. Kd8 Rxh3 73. Ke7 Re3+ 74. Kf7 f3 75. Kg7 f2 0-1

[Event "Late-Titled-Tuesday-Blitz-July-09-2024"]
[Site "Chess.com"]
[Date "2024.07.09"]
[Round "5"]
[White "bob1263"]
[Black "NovakRatko"]
[Result "1-0"]
[WhiteElo "2524"]
[BlackElo "2361"]
[TimeControl "180+1"]
[EndTime "14:55:52 PDT"]
[Termination "bob1263 won on time"]

1. d4 d5 2. c4 c5 3. e3 cxd4 4. exd4 Nc6 5. Nc3 Nf6 6. Bg5 e6 7. a3 dxc4 8. Nf3 h6 9. Bxf6 Qxf6 10. Bxc4 Bd6 11. O-O O-O 12. Ne4 Qe7 13. Re1 Rd8 14.
Qe2 Bb8 15. Rad1 a6 16. Ng3 Bxg3 17. hxg3 Qf6 18. Qe4 Ne7 19. Ne5 Qf5 20. Qh4 Qg5 21. Qxg5 hxg5 22. Nf3 b5 23. Ba2 Bb7 24. Nxg5 Bd5 25.
Bb1 Bb3 26. Rd3 Bc4 27. Rf3 Rf8 28. Rf4 Nd5 29. Bh7+ Kh8 30. Rh4 g6 31. Bxg6+ Kg7 32. Bb1 Rh8 33. f3 Nf6 34. Kf2 Rxh4 35. gxh4 Rd8 36.
Rd1 Bb3 37. Rd2 Nd5 38. g3 Nb6 39. Ne4 a5 40. Ke1 Nc4 41. Rd3 a4 42. Rc3 Nxb2 43.
Nc5 Bc4 44. Rc2 Nd3+ 45. Nxd3 Bxd3 46. Rb2 Bc4 47. Rd2 Kf6 48. Kf2 Bd5 49. Ke3 Rc8 50.
Rc2 Bc4 51. h5 Kg5 52. g4 f5 53. gxf5 exf5 54. Rh2 Rd8 55. h6 Re8+ 56. Kd2 Rh8 57.
h7 Kg6 58. Ke3 Be6 59. Kf4 Rxh7 60. Rxh7 Kxh7 61. Ke5 Bd7 62. Kd6 1-0

[Event "Late-Titled-Tuesday-Blitz-July-09-2024"]
[Site "Chess.com"]
[Date "2024.07.09"]
[Round "5"]
[White "Giorno"]
[Black "Mariia89"]
[Result "1-0"]
[WhiteElo "2523"]
[BlackElo "2228"]
[TimeControl "180+1"]
[EndTime "14:55:52 PDT"]
[Termination "Giorno won on time"]

1. d4 Nf6 2. Bg5 c5 3. Bxf6 gxf6 4. dxc5 e6 5. e3 Bxc5 6. Nd2 d5 7. Ngf3 Nc6 8. Bb5 Qb6 9. a4 Bd7 10. Nb3 Bd6 11. O-O a6 12. Bxc6 Bxc6 13. a5 Qc7 14. Kh1 Bb5 15. Re1 Rc8 16. Nbd4 Bd7 17. c3 e5 18. Nb3 Be6 19. Nh4 h5 20. h3 Qc6 21.
Nd2 Qb5 22. Qa4 Qxa4 23. Rxa4 Ke7 24. e4 dxe4 25. Nxe4 Bb8 26. Rb4 Rc7 27. Kg1 Ba7 28.
Ng3 Bc5 29. Ra4 Bd7 30. Nhf5+ Kf8 31. Rh4 Rh7 32. Ne3 Be7 33. Rxh5 Rxh5 34. Nxh5 f5 35. Nd5 Rc5 36. Nxe7 Kxe7 37. b4 Rb5 38. Nf4 Be6 39.
Nd3 e4 40. Nc5 b6 41. axb6 Rxb6 42. Ra1 Bc8 43. g3 Kd6 44. Kf1 Kd5 45. Ke2 Kc4 46. Ra3 f6 47. Ke3 Rd6 48. h4 Rd1 49. Nxa6 Re1+ 50. Kd2 Rf1 51. Ke2 Rc1 52. Nc7 Rxc3 53.
Rxc3+ Kxc3 54. Nd5+ Kc4 55. Nxf6 Kxb4 56. h5 f4 57. gxf4 Bf5 58. h6 1-0

[Event "Late-Titled-Tuesday-Blitz-July-09-2024"]
[Site "Chess.com"]
[Date "2024.07.09"]
[Round "5"]
[White "Andreikka"]
[Black "Vladimir_2020"]
[Result "1/2-1/2"]
[WhiteElo "3003"]
[BlackElo "2773"]
[TimeControl "180+1"]
[EndTime "14:55:53 PDT"]
[Termination "Game drawn by repetition"]

1. e3 Nf6 2. Nf3 d5 3. c4 c6 4.
Qc2 g6 5. b3 Bg7 6. Bb2 O-O 7.
Be2 Bg4 8. d3 Nbd7 9. Nbd2 Re8 10.
h3 Bxf3 11. Nxf3 e5 12. O-O Rc8 13. Rfd1 Qe7 14. Rac1 d4 15. exd4 exd4 16. Re1 c5 17.
Rcd1 Nh5 18. Bc1 Qd6 19. Bf1 Nf4 20. g3 Ne6 21. Bg2 b6 22. Re2 Nc7 23. Rde1 Rxe2 24. Rxe2 Re8 25. Bf4 Rxe2 26. Qxe2 Qe6 27. Qd1 Ne5 28.
Ng5 Qe7 29. h4 Ne6 30. Nxe6 Qxe6 31. Be4 h5 32. Kg2 Kh8 33. Qe2 f5 34. Bd5 Qe7 35.
Kf1 Kh7 36. Bg5 Qd7 37. Bf4 Qe7 38. a3 a5 39. a4 Bf6 40. Kg2 Kg7 41. Qd2 Nf7 42.
Bb8 Qd8 43. Qf4 Qe7 44. Qc7 Qxc7 45. Bxc7 Bd8 46. Bb8 Kf6 47. Kf3 Ne5+ 48. Ke2 Nd7 49. Bd6 Ne5 50. f3 Nf7 51. Bb8 Ne5 52. Bd6 Nf7 53. Bb8 Ne5 54. Bb7 Nd7 55. Bd6 Ne5 56.
Bc8 Nf7 57. Bb8 Ne5 58. Bb7 Nd7 59. Bd6 Ne5 60. Bd5 1/2-1/2

[Event "Late-Titled-Tuesday-Blitz-July-09-2024"]
[Site "Chess.com"]
[Date "2024.07.09"]
[Round "5"]
[White "Yahisalem"]
[Black "AlejandroArias"]
[Result "1/2-1/2"]
[WhiteElo "1961"]
[BlackElo "2320"]
[TimeControl "180+1"]
[EndTime "14:55:54 PDT"]
[Termination "Game drawn - insufficient material"]

1. e4 c5 2. Nf3 Nc6 3. d4 cxd4 4.
Nxd4 g6 5. Nxc6 bxc6 6. Qd4 Nf6 7. e5 Nd5 8. e6 f6 9. c4 Nc7 10. exd7+ Qxd7 11. Qxd7+ Bxd7 12. Nc3 e5 13. Be3 Ne6 14.
g3 Rb8 15. b3 Nd4 16. Bxd4 exd4 17. Na4 Bb4+ 18. Kd1 Bg4+ 19. Be2 Bf5 20. g4 Bd7 21. h3 Kf7 22. Bd3 c5 23. Nb2 Rhe8 24. Kc2 Re7 25. a3 Bc3 26. Rab1 Bc6 27. Rhg1 Rbe8 28. Nd1 Ba5 29. b4 Bb6 30. Nb2 Be4 31. Na4 Bc6 32.
b5 Bb7 33. Nxb6 axb6 34. a4 Bf3 35. Kd2 Ra8 36. Ra1 Rea7 37. Bc2 Re7 38. Rge1 Rxe1 39. Rxe1 h5 40. gxh5 Bxh5 41. h4 Bf3 42. Kd3 f5 43. Kd2 Rh8 44. a5 bxa5 45. Ra1 Rxh4 46. Rxa5 Rh2 47. Ke1 Be4 48. Bd1 Rh1+ 49. Kd2 Rh8 50. b6 Rb8 51. Ra7+ Kf6 52. Rc7 Rxb6 53. Rxc5 Kg5 54.
Rc8 Kf4 55. c5 Rc6 56. Rxc6 Bxc6 57. Kd3 Ke5 58. Kc4 g5 59. f3 Kf4 60. Kxd4 g4 61.
fxg4 fxg4 62. Bxg4 Kxg4 63. Ke5 Kf3 64. Kd6 Ba4 65.
Kc7 Ke4 66. Kb6 Kd5 67. c6 Bxc6 1/2-1/2

[Event "Late-Titled-Tuesday-Blitz-July-09-2024"]
[Site "Chess.com"]
[Date "2024.07.09"]
[Round "5"]
[White "Lector118"]
[Black "jbking07"]
[Result "0-1"]
[WhiteElo "2646"]
[BlackElo "2457"]
[TimeControl "180+1"]
[EndTime "14:55:56 PDT"]
[Termination "jbking07 won by checkmate"]

1. d4 Nf6 2. Bf4 c5 3. d5 Qb6 4. Nc3 d6 5. e4 g6 6. Rb1 Bg7 7. Nf3 O-O 8. h3 Qa5 9. Nd2 a6 10. Bd3 b5 11. O-O Nbd7 12. a4 b4 13. Nc4 Qd8 14.
Ne2 a5 15. Re1 Ba6 16. Nc1 Bxc4 17. Bxc4 Nb6 18. Bb5 c4 19. Qf3 Nfd7 20. Ne2 Rc8 21. Qe3 Nc5 22. b3 cxb3 23. cxb3 e5 24. Bh2 Qe7 25.
Rec1 f5 26. f3 f4 27. Qd2 Rc7 28. Kf1 Rfc8 29. Bc6 Nbd7 30. Bg1 Na6 31. Bb5 Ndc5 32. Bxa6 Nxa6 33. Rc6 Nb8 34. Rxc7 Qxc7 35. Rc1 Qb7 36.
Rxc8+ Qxc8 37. Qc1 Qd8 38. Qc4 Nd7 39. Qc6 Bf8 40.
Bf2 Nb8 41. Qb7 Nd7 42. Nc1 Nf6 43. Nd3 Nh5 44. Qb6 Ng3+ 45. Ke1 Qg5 46. Qxa5 Nxe4 47.
fxe4 Qxg2 48. Qxb4 Qxh3 49. a5 Qxd3 50. Qa4 f3 51.
Qc4 Qb1+ 52. Kd2 Bh6+ 53. Kc3 Qa1+ 54. Kb4 Bd2+ 55. Kb5 Qxa5+ 56. Kc6 Bb4 57. Kd7 Bc5 58. Bxc5 Qxc5 59. Qf1 f2 60. Ke6 Kg7 61. Qg2 Qc8+ 62. Ke7 Qb7+ 63. Ke6 Qf7+ 64. Kxd6 f1=Q 65. Qg3 Q7f4 66.
Qh3 Qd2 67. Qd7+ Qf7 68. Qh3 Qb4+ 69. Kc6 Qfb7# 0-1

[Event "Late-Titled-Tuesday-Blitz-July-09-2024"]
[Site "Chess.com"]
[Date "2024.07.09"]
[Round "5"]
[White "Jospem"]
[Black "Nicolik"]
[Result "0-1"]
[WhiteElo "3091"]
[BlackElo "2724"]
[TimeControl "180+1"]
[EndTime "14:56:02 PDT"]
[Termination "Nicolik won on time"]

1. e4 c5 2. Nf3 Nc6 3. c3 d5 4. exd5 Qxd5 5. d4 Bf5 6. Be3 cxd4 7. Nxd4 Nf6 8. Nxf5 Qxf5 9. Qd3 Qxd3 10. Bxd3 O-O-O 11. Bc2 Nd5 12. Bc1 e6 13. O-O Be7 14. Re1 Rd7 15.
g3 h5 16. Nd2 h4 17. Nf3 hxg3 18. hxg3 Bf6 19. Bd2 Rhd8 20. Re2 Nb6 21. Rae1 Ne5 22. Nxe5 Bxe5 23. Bc1 Bf6 24. Kg2 Rd5 25. f4 Rh5 26. g4 Rh4 27. g5 Be7 28. f5 Bxg5 29. Bxg5 Rg4+ 30. Kf3 Rxg5 31. fxe6 fxe6 32. Rxe6 Rf8+ 33. Ke2 Rg2+ 34. Kd1 Nc4 35. Kc1 Rff2 36. Bb3 Nxb2 37. Rd6 Kc7 38. Rd4 b5 39. Kb1 Na4 40. Bxa4 Rb2+ 41.
Kc1 Rxa2 42. Re7+ Kb6 43. Kb1 Rxa4 44. Rd6+ Kc5 45. Rdd7 Kc4 46. Rb7 a6 47. Re3 Raa2 48.
Rc7+ Kd5 49. Rd3+ Ke4 50. Rd4+ Ke5 51. Rc5+ Kf6 52. Rc6+ Kg5 53. Rd7 g6 54. Rdd6 Kh5 55. Rxg6 Rxg6 56. Rc5+ Rg5 57. Rxg5+ Kxg5 58. Kxa2 a5 59. Kb3 Kf5 60. c4 b4 61. Ka4 Ke6 62. c5 Kd7 63. Kxa5 b3 64. Kb6 Kc8 0-1

[Event "Late-Titled-Tuesday-Blitz-July-09-2024"]
[Site "Chess.com"]
[Date "2024.07.09"]
[Round "5"]
[White "SocoLoco"]
[Black "PhileKhoob"]
[Result "0-1"]
[WhiteElo "2113"]
[BlackElo "2382"]
[TimeControl "180+1"]
[EndTime "14:56:02 PDT"]
[Termination "PhileKhoob won by checkmate"]

1. e4 c6 2. d4 d5 3. exd5 cxd5 4.
c4 Nf6 5. Nc3 e6 6. Bg5 Bb4 7. Nf3 O-O 8. Rc1 h6 9. Bh4 dxc4 10.
Bxc4 Be7 11. O-O b6 12. Bxf6 Bxf6 13. d5 e5 14. Ne4 Bb7 15. Re1 Nd7 16. Nd6 Qb8 17.
Nxb7 Qxb7 18. Nd2 Nc5 19. b4 Nd7 20. Ne4 Rad8 21. Qb3 Kh8 22. Rcd1 b5 23. Bf1 Nb6 24. d6 Qc6 25. Qf3 Nd7 26. Qd3 a6 27. g3 g6 28.
Bg2 Qc4 29. Qf3 Bg7 30. a3 f5 31. Nd2 Qf7 32. Qd3 e4 33. Qb3 Ne5 34. Nf1 Nd3 35. Qxf7 Rxf7 36. f3 Bd4+ 37. Re3 Rxd6 38. fxe4 fxe4 39.
Bxe4 Bxe3+ 40. Nxe3 Rfd7 41. Nd5 Rxd5 42. Bxd5 Rxd5 43.
Kf1 Nf4 44. Rc1 Ne6 45. Rc6 Ng5 46. Rxg6 Kh7 47. Rxa6 Rd2 48. Rb6 Rxh2 49. Rxb5 Ne4 50.
a4 Kg6 51. a5 Ra2 52. Rb6+ Kg5 53. a6 Nxg3+ 54. Ke1 h5 55. b5 h4 56. Rb8 h3 57.
Rg8+ Kf4 58. Rh8 Kg4 59. Rg8+ Kh4 60. Rh8+ Nh5 61. Rg8 h2 62. Rf8 h1=Q+ 63. Rf1 Qe4+ 64. Kd1 Qb1# 0-1